 Dungeon Crawl Stone Soup version 0.22-b1-59-g0aedee7 (webtiles) character file.

9230 Lilu the Destroyer (level 11, -6/68 HPs)
             Began as a Deep Elf Conjurer on Aug 9, 2018.
             Was an Elder of Vehumet.
             Mangled by Snorg (15 damage)
             ... on level 12 of the Dungeon.
             The game lasted 01:03:52 (17479 turns).

Lilu the Destroyer (Deep Elf Conjurer)             Turns: 17479, Time: 01:03:53

Health: -6/68      AC:  6    Str:  8    XL:     11   Next: 20%
Magic:  13/25      EV: 14    Int: 21    God:    Vehumet [****..]
Gold:   416        SH:  0    Dex: 21    Spells: 11/26 levels left

rFire    + . .     SeeInvis .   x - +3 dagger "Zajin" {pain, Dex+6}
rCold    x . .     Gourm    .   (no shield)
rNeg     + . .     Faith    .   a - +0 robe
rPois    .         Spirit   .   (no helmet)
rElec    .         Reflect  .   M - +2 cloak
rCorr    .         Harm     .   (no gloves)
MR       +....                  F - +0 pair of boots (curse)
Stlth    +++.......             p - amulet of regeneration
HPRegen  0.61/turn              z - ring of positive energy
MPRegen  0.19/turn              G - ring of fire

@: no status effects
A: no striking features
a: Renounce Religion


You were on level 12 of the Dungeon.
You worshipped Vehumet.
Vehumet was greatly pleased with you.
You were hungry.

You visited 2 branches of the dungeon, and saw 13 of its levels.
You also visited: Ossuary and Bailey.

You collected 906 gold pieces.
You spent 490 gold pieces at shops.

Inventory:

Hand Weapons
 b - a +0 falchion of holy wrath
 x - the +3 dagger "Zajin" (weapon) {pain, Dex+6}
   (You found it on level 4 of the Dungeon)

   In the hands of one skilled in necromantic magic, it inflicts extra damage on
   living creatures.
   It affects your dexterity (+6).
 R - a +0 shortbow
Missiles
 r - 37 sling bullets
 B - 2 tomahawks of dispersal (quivered)
 O - 20 javelins of returning
 Q - 53 arrows
Armour
 a - a +0 robe (worn)
 F - a cursed +0 pair of boots (worn)
 L - the +0 cloak of the Nexus {Str+4}
   (You found it on level 9 of the Dungeon)

   It affects your strength (+4).
 M - a +2 cloak (worn)
 P - a +0 crystal plate armour
Magical Staves
 y - an uncursed staff of earth
 E - an uncursed staff of summoning
Jewellery
 p - an amulet of regeneration (around neck)
 z - a ring of positive energy (left hand)
 G - a ring of fire (right hand)
Wands
 C - a wand of flame (38)
 D - a wand of iceblast (2)
 H - a wand of acid (7)
Scrolls
 e - a scroll of enchant armour {unknown}
 h - 2 scrolls of magic mapping
 i - 6 scrolls of fog
 j - 2 scrolls of random uselessness {unknown}
 k - a scroll of noise {unknown}
 l - 2 scrolls of teleportation
 m - a scroll of immolation {unknown}
 n - 3 scrolls of remove curse
 s - a scroll of enchant weapon {unknown}
 v - a scroll of blinking {unknown}
 I - a scroll of summoning {unknown}
 J - 2 scrolls of acquirement {unknown}
 N - a scroll of identify
Potions
 d - a potion of magic {unknown}
 f - a potion of berserk rage {unknown}
 g - 2 potions of cancellation
 o - 4 potions of lignification
 t - 3 potions of haste {unknown}
 u - 2 potions of heal wounds {unknown}
 w - a potion of resistance {unknown}
 A - 2 potions of mutation {unknown}
 K - 2 potions of might
Comestibles
 c - 16 rations
 S - a chunk of flesh


   Skills:
 - Level 8.0 Fighting
 - Level 0.1 Long Blades
 - Level 2.9 Dodging
 - Level 3.0 Stealth
 + Level 8.1 Spellcasting
 + Level 12.6 Conjurations
 + Level 8.2 Fire Magic


You had 11 spell levels left.
You knew the following spells:

 Your Spells              Type           Power        Failure   Level  Hunger
a - Magic Dart            Conj           ####         1%          1    None
b - Searing Ray           Conj           ######       1%          2    None
c - Iskenderun's Mystic   Conj           ######..     1%          4    ###....
d - Fireball              Conj/Fire      ######....   1%          5    #####..
e - Conjure Flame         Conj/Fire      ######..     1%          3    None

Your spell library contained the following spells:

 Spells                   Type           Power        Failure   Level  Hunger
 Slow                     Hex            #.......     12%         2    None
 Throw Flame              Conj/Fire      ######       1%          2    None
 Mephitic Cloud           Conj/Pois/Air  ####....     1%          3    None
 Venom Bolt               Conj/Pois      ####......   4%          5    #####..
 Olgreb's Toxic Radiance  Pois           #.......     21%         4    ###....
 Blink                    Tloc           N/A          12%         2    None
 Animate Dead             Necr           N/A          61%         4    ###....
 Pain                     Necr           #...         8%          1    None
 Animate Skeleton         Necr           N/A          8%          1    None
 Vampiric Draining        Necr           #.........   24%         3    None
 Sticky Flame             Conj/Fire      ######..     1%          4    ###....
 Call Imp                 Summ           #.......     12%         2    None
 Regeneration             Chrm/Necr      #.........   24%         3    None
 Sting                    Conj/Pois      ####         1%          1    None
 Flame Tongue             Conj/Fire      #####        1%          1    None
 Inner Flame              Hex/Fire       #####...     1%          3    None
 Fulminant Prism          Conj/Hex       ####......   1%          4    ###....
 Dazzling Spray           Conj/Hex       ####..       1%          3    None
 Force Lance              Conj/Tloc      ####....     1%          4    ###....
 Poisonous Vapours        Pois/Air       #.....       12%         2    None


Dungeon Overview and Level Annotations

Branches:
Dungeon (12/15)            Temple (1/1) D:5            Lair (0/6) D:9
    Orc (0/2) D:10

Altars:
Ashenzari
Cheibriados
Dithmenos
Elyvilon
Fedhas
Gozag
Hepliaklqana
Kikubaaqudgha
Makhleb
Nemelex Xobeh
Okawaru
Qazlal
Ru
Sif Muna
Trog
Uskayaw
Vehumet
Wu Jian
Xom
Yredelemnul
Zin
The Shining One

Shops:
D:4 :   D:5 [(   D:7 [

Annotations:
D:9 3 runed doors, Curus's ghost, novice MiAK
D:11 exclusion: door
D:12 3 runed doors, Lew's ghost, journeyman DDFi; Snorg


Message History

Confirm with . or Enter, or press ? or * to list all spells.
Aiming: Fireball (safe; 1% risk of failure)
Press: ? - help, Shift-Dir - straight line, f/p - Snorg
Aim: Snorg (moderately wounded, berserk, fast, unusually strong)
You feel a surge of power!
The fireball explodes!
The fireball engulfs Snorg.
Snorg is heavily wounded.
You hear a horrible gurgling sound!
Snorg bites you!! Snorg claws you. Snorg barely misses you.
As you read the scroll of fear, it crumbles to dust.
You assume a fearsome visage.
Snorg bites you! Snorg claws you!
* * * LOW HITPOINT WARNING * * *
Snorg completely misses you.
Okay, then.
Snorg bites you.
* * * LOW HITPOINT WARNING * * *
Snorg misses you. x2
As you read the scroll of fog, it crumbles to dust.
The scroll dissolves into smoke.
Snorg bites you but does no damage. Snorg claws you!
You die...

...)..+.......
.!....+.......
#≈....#.......
###P.♣##.......
#.#####........
#..............
#..............
####.<)...........
#@##..............
#T##..............
#§##..............
#.##..............
#.#######'########
#.#...............
#.#...............
#.#...............
#.#...............


You could see Snorg (berserk).

Vanquished Creatures
  Erolcha (D:11)
  A two-headed ogre (D:9)
  2 trolls
  A spriggan (D:10)
  A hungry ghost (D:9)
  3 wargs
  12 orc warriors
  5 ice beasts
  2 necrophages
  6 ogres
  5 phantoms
  11 centaurs
  2 big kobolds
  8 bullfrogs
  A gnoll sergeant (D:9)
  A wyvern skeleton (D:9)
  4 scorpions
  3 wights (D:9)
  2 howler monkeys
  4 crimson imps
  3 quasits
  3 hounds
  3 jellies
  8 orc priests
  6 orc wizards
  2 centaur skeletons
  4 iguanas
  12 worker ants
  A killer bee zombie (D:10)
  8 mummies (Ossuary)
  A worker ant zombie (D:4)
  11 adders
  7 gnolls
  3 shadow imps
  2 oozes
  An adder zombie (D:8)
  An adder skeleton (D:4)
  4 worms
  4 dart slugs
  6 leopard geckos
  51 orcs
  4 giant cockroaches
  A gnoll zombie (Ossuary)
  6 goblins
  5 hobgoblins
  10 jackals
  21 kobolds
  7 quokkas
  2 ball pythons
  8 bats
  6 frilled lizards
  2 giant cockroach zombies
  A hobgoblin zombie (Ossuary)
  A jackal skeleton (D:4)
  2 kobold zombies (Ossuary)
  A leopard gecko skeleton (D:4)
  4 orc zombies (Ossuary)
  2 quokka skeletons
  11 rats
310 creatures vanquished.

Vanquished Creatures (others)
  A wizard (D:3)
  A plant (D:12)
2 creatures vanquished.

Grand Total: 312 creatures vanquished

Notes
Turn   | Place    | Note
-------+----------+-------------------------------------------
     0 | D:1      | Lilu the Deep Elf Conjurer began the quest for the Orb.
     0 | D:1      | Reached XP level 1. HP: 10/10 MP: 6/6
   125 | D:1      | Reached XP level 2. HP: 15/15 MP: 1/8
   136 | D:1      | Learned a level 2 spell: Searing Ray
   429 | D:1      | Reached skill level 5 in Conjurations
   511 | D:1      | Reached XP level 3. HP: 11/19 MP: 3/9
   800 | D:1      | Found an iron altar of Okawaru.
  1253 | D:2      | Reached XP level 4. HP: 19/24 MP: 7/11
  1263 | D:2      | Learned a level 4 spell: Iskenderun's Mystic Blast
  1488 | D:2      | Found a glowing golden altar of the Shining One.
  1601 | D:2      | Reached skill level 6 in Conjurations
  1947 | D:2      | Found a hide-covered altar of Uskayaw.
  2215 | D:3      | Found a faded altar of an unknown god.
  2387 | D:3      | Found a bloodstained altar of Trog.
  2389 | D:3      | Noticed a wizard
  2394 | D:3      | Killed a wizard
  2468 | D:3      | Reached XP level 5. HP: 28/28 MP: 9/12
  2922 | D:4      | Reached skill level 7 in Conjurations
  3024 | D:4      | Found a sand-covered staircase.
  3064 | Ossuary  | Entered an ossuary
  3141 | Ossuary  | Reached XP level 6. HP: 26/32 MP: 5/13
  3670 | D:4      | Reached skill level 8 in Conjurations
  3704 | D:4      | Found a sacrificial altar of Ru.
  3881 | D:4      | Found Juxirr's Book Boutique.
  3930 | D:4      | Got a scorched dagger
  3931 | D:4      | Identified the cursed +3 dagger "Zajin" {pain, Dex+6} (You found it on level 4 of the Dungeon)
  4059 | D:4      | Reached skill level 1 in Fighting
  4475 | D:5      | Entered Level 5 of the Dungeon
  4480 | D:5      | Reached XP level 7. HP: 40/40 MP: 11/14
  4781 | D:5      | Found a sacrificial altar of Ru.
  4883 | D:5      | Found a staircase to the Ecumenical Temple.
  4896 | Temple   | Entered the Ecumenical Temple
  5162 | D:5      | Found a radiant altar of Vehumet.
  5201 | D:5      | Became a worshipper of Vehumet
  5534 | D:5      | Found Vacucwys's Antique Armour Shoppe.
  5777 | D:5      | Found an ancient bone altar of Kikubaaqudgha.
  5858 | D:5      | Found Zekit's Weapon Boutique.
  5865 | D:5      | Reached skill level 5 in Fighting
  5940 | D:5      | Found a burning altar of Makhleb.
  5940 | D:5      | Noticed a blizzard demon
  5943 | D:5      | Noticed a hellwing
  5943 | D:5      | Noticed an orange demon
  6105 | D:6      | Reached XP level 8. HP: 49/49 MP: 7/15
  6511 | D:6      | Found a sacrificial altar of Ru.
  6668 | D:6      | Found an opulent altar of Gozag.
  6668 | D:6      | Found a deep blue altar of Sif Muna.
  6668 | D:6      | Found a shattered altar of Ashenzari.
  7140 | D:6      | Found a stormy altar of Qazlal.
  7446 | D:6      | Found a sparkling altar of Nemelex Xobeh.
  8126 | D:7      | Found Ecricukh's Antique Armour Emporium.
  8145 | D:7      | Reached * piety under Vehumet
  8145 | D:7      | Offered knowledge of Sandblast by Vehumet.
  8283 | D:7      | Reached XP level 9. HP: 59/59 MP: 14/16
  9149 | D:7      | Reached skill level 5 in Spellcasting
  9554 | D:4      | Bought a book of Flames for 490 gold pieces
  9560 | D:4      | Learned a level 5 spell: Fireball
  9564 | D:4      | Learned a level 3 spell: Conjure Flame
  9934 | D:8      | Found a shadowy altar of Dithmenos.
 10184 | D:8      | Found a hazy altar of Hepliaklqana.
 10184 | D:8      | Found an ornate altar of the Wu Jian Council.
 10255 | D:9      | Noticed a troll
 10274 | D:9      | Killed a troll
 10453 | D:9      | Reached skill level 9 in Conjurations
 10553 | D:9      | Got a dazzling cloak
 10578 | D:9      | Identified the +0 cloak of the Nexus {Str+4} (You found it on level 9 of the Dungeon)
 10591 | D:9      | Noticed a two-headed ogre
 10613 | D:9      | Killed a two-headed ogre
 10613 | D:9      | Reached skill level 10 in Conjurations
 10792 | D:9      | Reached skill level 1 in Fire Magic
 10792 | D:9      | Reached XP level 10. HP: 63/63 MP: 19/24
 10945 | D:9      | Offered knowledge of Shock by Vehumet.
 11104 | D:9      | Reached ** piety under Vehumet
 11401 | D:9      | HP: 2/63 [warg (16)]
 11700 | D:9      | Found a runed gate.
 11700 | D:9      | Found a runed gate.
 11700 | D:9      | Found a runed gate.
 11701 | D:9      | Noticed a spectral centaur warrior
 11733 | D:9      | Noticed Curus's ghost (novice MiAK)
 11973 | D:9      | Found a staircase to the Lair.
 12107 | D:9      | Reached skill level 11 in Conjurations
 12296 | D:10     | Entered Level 10 of the Dungeon
 12399 | D:10     | Offered knowledge of Ignite Poison by Vehumet.
 12744 | D:10     | Found a flagged portal.
 12826 | Bailey   | Entered a bailey
 12830 | Bailey   | Reached skill level 5 in Fire Magic
 13191 | Bailey   | Reached *** piety under Vehumet
 13891 | Bailey   | Offered knowledge of Airstrike by Vehumet.
 14432 | Bailey   | Reached skill level 12 in Conjurations
 15587 | D:10     | Reached XP level 11. HP: 41/68 MP: 13/25
 15957 | D:10     | Found a staircase to the Orcish Mines.
 16460 | D:11     | Noticed Erolcha
 16587 | D:11     | Killed Erolcha
 16880 | D:11     | Reached **** piety under Vehumet
 17021 | D:11     | Noticed a seven-headed hydra
 17253 | D:12     | Found a runed gate.
 17254 | D:12     | Noticed Lew's ghost (journeyman DDFi)
 17255 | D:12     | Found a runed gate.
 17255 | D:12     | Found a runed gate.
 17255 | D:12     | Noticed a 13-headed hydra
 17255 | D:12     | Noticed a ten-headed hydra
 17319 | D:12     | Offered knowledge of Throw Icicle by Vehumet.
 17335 | D:12     | Noticed a red ugly thing
 17463 | D:12     | Noticed Snorg
 17479 | D:12     | Mangled by Snorg

Skill      XL: |  1  2  3  4  5  6  7  8  9 10 11 |
---------------+----------------------------------+-----
Conjurations   | 5 6 7 8 10 12 | 12.6
Stealth        | 3 |  3.0
Fighting       | 2 5 8 |  8.0
Spellcasting   | 8 |  8.1
Fire Magic     | 1 7 8 |  8.2
Long Blades    | |  0.1
Dodging        | |  2.9

Action                   |  1- 3 |  4- 6 |  7- 9 | 10-12 || total
-------------------------+-------+-------+-------+-------++-------
Melee: Club              |    22 |       |       |       ||    22
       Unarmed           |     1 |       |       |       ||     1
       Short sword       |     4 |       |       |       ||     4
       Falchion          |    18 |    86 |       |       ||   104
       Dagger            |       |    12 |    54 |    25 ||    91
 Cast: Magic Dart        |    55 |    46 |   108 |    71 ||   280
       Searing Ray       |     1 |    21 |    64 |    67 ||   153
       Iskenderun's Myst |       |       |    11 |    69 ||    80
       Conjure Flame     |       |       |     3 |    16 ||    19
       Fireball          |       |       |       |    10 ||    10
  Use: Scroll            |     2 |       |     6 |    10 ||    18
       Potion            |       |       |       |     4 ||     4
 Stab: Sleeping          |     3 |     3 |     2 |       ||     8
  Eat: Chunk             |     1 |    11 |    15 |    11 ||    38
       Ration            |       |       |     2 |     5 ||     7
Armor: Robe              |    20 |    26 |    28 |    56 ||   130
Dodge: Dodged            |    63 |    74 |    86 |   180 ||   403
       Rpst.: Falchion   |     7 |    24 |       |       ||    31
